 Dungeon Crawl Stone Soup version 0.29-a0-1008-g949cc1d0fb (webtiles) character file.

Game seed: 10543362729417719095

1859 wingedge the Chopper (level 9, 0/69 HPs)
             Began as a Human Wanderer on Aug 7, 2022.
             Was an Elder of Makhleb.
             Succumbed to a killer bee's poison
             ... on level 7 of the Dungeon.
             The game lasted 00:30:15 (6873 turns).

wingedge the Chopper (Human Wanderer)               Turns: 6873, Time: 00:30:15

Health: 0/69       AC: 10    Str: 18    XL:     9   Next: 35%
Magic:  11/11      EV: 11    Int: 12    God:    Makhleb [****..]
Gold:   334        SH:  0    Dex: 12    Spells: 8/8 levels left

rFire   . . .      SeeInvis +   a - +3 broad axe (elec)
rCold   . . .      Faith    .   (no shield)
rNeg    . . .      Spirit   .   g - +0 ring mail
rPois   .          Reflect  .   (no helmet)
rElec   .          Harm     .   w - +0 cloak
rCorr   .          Rampage  .   (no gloves)
Will    .....                   (no boots)
Stlth   +.........              (no amulet)
HPRegen 0.21/turn               f - +4 ring of protection
MPRegen 0.12/turn               (no ring)

@: lethally poisoned (0 -> -6), studying Ice Magic
A: hooves 1, see invisible, deterioration 1
a: Renounce Religion, Minor Destruction, Lesser Servant of Makhleb, Major
Destruction


You were on level 7 of the Dungeon.
You worshipped Makhleb.
Makhleb was greatly pleased with you.
You visited 1 branch of the dungeon, and saw 7 of its levels.
You also visited: Sewer.

You collected 467 gold pieces.
You spent 133 gold pieces at shops.

Inventory:

Hand Weapons
 a - a +3 broad axe of electrocution (weapon)
 b - a +2 trident of flaming
 y - a +3 spear
 B - a +0 trident of venom
Missiles
 v - 7 boomerangs
Armour
 d - a +0 leather armour
 g - a +0 ring mail (worn)
 k - a +0 chain mail
 q - a +0 scale mail
 w - a +0 cloak (worn)
Jewellery
 f - a +4 ring of protection (left hand)
Wands
 x - a wand of paralysis (1)
Scrolls
 c - 3 scrolls of blinking
 e - a scroll of brand weapon {unknown}
 h - 3 scrolls of fear
 i - a scroll of immolation {unknown}
 l - 3 scrolls of fog
 n - 6 scrolls of teleportation
 p - a scroll of noise {unknown}
 s - a scroll of silence {unknown}
 t - a scroll of vulnerability {unknown}
Potions
 j - a potion of resistance
 r - a potion of flight
 u - a potion of cancellation
 z - a potion of might


   Skills:
 - Level 6.0 Fighting
 - Level 2.0 Short Blades
 - Level 7.2(8.0) Axes
 - Level 5.0(6.8) Polearms
 - Level 1.0 Throwing
 - Level 3.0 Armour
 + Level 3.5 Dodging
 - Level 3.0 Invocations


You had 8 spell levels left.
You didn't know any spells.
Your spell library contained the following spells:

 Spells                   Type           Power      Damage    Failure   Level
 Ensorcelled Hibernation  Hex/Ice        0%         N/A       65%         2
 Dazzling Flash           Conj/Hex       0%         N/A       86%         3
 Ignite Poison            Fire/Tmut/Pois 0%         N/A       86%         3
 Mephitic Cloud           Conj/Pois/Air  0%         N/A       86%         3
 Spider Form              Tmut/Pois      0%         N/A       86%         3
 Anguish                  Hex/Necr       0%         N/A       99%         4
 Iskenderun's Mystic Bla  Conj/Tloc      0%         2d3       99%         4
 Freezing Cloud           Conj/Ice/Air   0%         6-21      100%        5
 Starburst                Conj/Fire      0%         6d3       100%        6


Dungeon Overview and Level Annotations

Branches:
Dungeon (7/15)             Temple (0/1) D:4           Sewer (visited)

Altars:
Elyvilon
Fedhas
Makhleb
Trog

Shops:
D:4 (


Innate Abilities, Weirdness & Mutations

You have large cloven feet.
You have supernaturally acute eyesight. (SInv)
Your body sometimes deteriorates upon taking damage.


Message History

Lightning courses through the killer bee!
You closely miss the killer bee. The killer bee barely misses you.
The killer bee closely misses you. The killer bee barely misses you.
The killer bee misses you. The killer bee stings you.
The killer bee stings you but does no damage.
The killer bee stings you.
You are poisoned.
The killer bee poisons you! The killer bee stings you!
You are more poisoned.
The killer bee poisons you!
The killer bee stings you but does no damage.
You barely miss the killer bee. You miss the killer bee.
You hit the killer bee.
You feel very sick. The killer bee barely misses you. x2
The killer bee stings you but does no damage. x2
The killer bee stings you!
* * * LOW HITPOINT WARNING * * *
The killer bee barely misses you.
Okay, then.
It was a potion of magic.
Magic courses through your body.
You feel very sick.
The killer bee stings you but does no damage.
The killer bee stings you!
* * * LOW HITPOINT WARNING * * *
The killer bee completely misses you. The killer bee closely misses you.
The killer bee barely misses you. The killer bee closely misses you.
You slash the killer bee! Your kick misses the killer bee.
The killer bee is severely wounded.
You slash the killer bee!
You kill the killer bee!
Makhleb accepts your kill.
You closely miss the killer bee.
* * * LOW HITPOINT WARNING * * *
You feel very sick. The killer bee completely misses you.
The killer bee misses you. The killer bee barely misses you.
The killer bee stings you but does no damage.
A demon appears!
You die...

,+,,,,,,*,,,,,,,+,,~y~~~~~,,,,,,*
*********,,,,,,,*..≈#****~,,,,,,*
,***,,,,,,,##+###..≈#,,,*~,******
,,,*,,,,,,,#.......~#,∩,,~,*
,,,*,,,,,,,#.......~#,,,*~,*
,,,*,,,,,,,#.......~####*~,*
,,,*,,,,,,,#.......~~~~~~~,*
,,,*,,,,,,,#...†yy......,,,*
,,,*,,,,,,,#....@#*####**,,******
,,,*,,,,,,##...3.###..##**,,,,,,,
,,,+,,,,,,#......#....<# ***,,,,,
,,,*,,,,,,#......'.....# *,,,,,
,,,*,,,,,,#......#.....# *,,,,,
,,,*,,,,,,#......#.....# *,,,,<
,,,+,,,,,,#......#.....# *,,,,,
,,,*,,,,,,#......#.....# *,,,,,
,,,*,,,,,,##.....####+##****,,,,,


You could see 2 killer bees and a friendly smoke demon (summoned).

Vanquished Creatures
  An ice beast (D:5)
  A phantom (D:5)
  Blork the orc (D:4)
  A kobold brigand (D:6)
  2 bullfrogs
  3 scorpions (D:5)
  3 necrophages (D:5)
  Dowan (D:6)
  2 killer bees (D:7)
  2 bullfrog zombies (D:5)
  2 hounds (D:5)
  A jelly (D:5)
  5 orc priests
  A gnoll bouda (D:5)
  A scorpion zombie (D:5)
  2 iguanas (D:4)
  2 orc wizards (D:6)
  A hound zombie (D:5)
  11 adders
  3 worms
  A dart slug (D:3)
  17 orcs
  12 ball pythons
  9 endoplasms
  12 giant cockroaches
  7 goblins
  9 hobgoblins
  13 jackals
  10 kobolds
  12 quokkas
  9 bats
  14 frilled lizards
  21 rats
  A bush (D:5)
193 creatures vanquished.

Vanquished Creatures (collateral kills)
  Duvessa (D:6)
  A bullfrog (Sewer)
  An iguana (D:6)
  2 orcs (D:5)
  A frilled lizard (Sewer)
6 creatures vanquished.

Vanquished Creatures (others)
  A bush (D:5)
  A butterfly (D:4)
  17 fungi (D:5)
  9 plants (D:5)
28 creatures vanquished.

Grand Total: 227 creatures vanquished

Notes
Turn   | Place    | Note
-------+----------+-------------------------------------------
     0 | D:1      | wingedge the Human Wanderer began the quest for the Orb.
     0 | D:1      | wingedge set off with the following items: a +3 spear, a +0
                  | short sword, a scroll of blinking, a +0 leather armour.
     0 | D:1      | Reached XP level 1. HP: 16/16 MP: 1/1
     2 | D:1      | Noticed a troll
     2 | D:1      | Noticed a tengu
     4 | D:1      | Noticed a ghoul
     4 | D:1      | Noticed a naga
     6 | D:1      | Noticed a merfolk
    10 | D:1      | Noticed a vampire
    12 | D:1      | Noticed an elf
    12 | D:1      | Noticed an octopode
    14 | D:1      | Noticed a human
    14 | D:1      | Noticed a minotaur
    16 | D:1      | Noticed an ogre
    18 | D:1      | Noticed a formicid
    18 | D:1      | Noticed a demigod
    20 | D:1      | Noticed a vine stalker
    20 | D:1      | Noticed a demonspawn
    22 | D:1      | Noticed a dwarf
    22 | D:1      | Noticed a spriggan
    24 | D:1      | Noticed a felid
    24 | D:1      | Noticed a gargoyle
    26 | D:1      | Noticed a draconian
   260 | D:1      | Reached XP level 2. HP: 16/22 MP: 2/2
   705 | D:1      | Reached XP level 3. HP: 27/27 MP: 3/3
   708 | D:1      | Noticed an eye of devastation
   713 | D:1      | Found a faded altar of an unknown god.
   714 | D:1      | Noticed an eye of devastation
   714 | D:1      | Noticed a floating eye
   714 | D:1      | Noticed an eye of devastation
   725 | D:1      | Prayed at the altar of an unknown god.
   725 | D:1      | Became a worshipper of Makhleb the Destroyer
   725 | D:1      | Reached * piety under Makhleb
  1812 | D:2      | Reached ** piety under Makhleb
  1813 | D:2      | Reached XP level 4. HP: 35/35 MP: 4/4
  1894 | D:3      | Reached skill level 1 in Invocations
  2314 | D:3      | Reached XP level 5. HP: 38/41 MP: 5/5
  2973 | D:4      | Reached *** piety under Makhleb
  3072 | D:4      | Found a glowing drain.
  3106 | Sewer    | Entered a sewer
  3109 | Sewer    | Reached XP level 6. HP: 43/47 MP: 6/6
  3134 | Sewer    | Reached skill level 5 in Polearms
  3339 | Sewer    | Reached **** piety under Makhleb
  3352 | Sewer    | Reached XP level 7. HP: 11/53 MP: 7/9
  3686 | D:4      | Noticed Blork the orc
  3697 | D:4      | Killed Blork the orc
  3750 | D:4      | Found a white marble altar of Elyvilon.
  4076 | D:4      | Found a staircase to the Ecumenical Temple.
  4096 | D:4      | Found Suoger's Antique Weapon Boutique.
  4110 | D:4      | Bought a runed broad axe for 133 gold pieces
  4194 | D:5      | Entered Level 5 of the Dungeon
  4294 | D:5      | Reached skill level 2 in Axes
  4501 | D:5      | Reached skill level 3 in Axes
  4514 | D:5      | Reached XP level 8. HP: 28/60 MP: 10/10
  4918 | D:5      | Found a blossoming altar of Fedhas.
  5067 | D:5      | Reached skill level 4 in Axes
  5156 | D:5      | Reached skill level 5 in Axes
  5551 | D:5      | Reached skill level 6 in Axes
  5579 | D:5      | Reached skill level 7 in Axes
  5752 | D:6      | Reached XP level 9. HP: 62/65 MP: 11/11
  5753 | D:6      | Noticed Dowan
  5765 | D:6      | Noticed Duvessa
  5774 | D:6      | Killed Dowan
  5774 | D:6      | Killed Duvessa
  5775 | D:6      | Reached skill level 5 in Fighting
  6255 | D:6      | Found a bloodstained altar of Trog.
  6346 | D:6      | Gained mutation: Your magical capacity is low. (-10% MP)
                  | [potion of mutation]
  6346 | D:6      | Gained mutation: You have large cloven feet. [potion of
                  | mutation]
  6347 | D:6      | Lost mutation: Your magical capacity is low. (-10% MP)
                  | [potion of mutation]
  6347 | D:6      | Lost mutation: You have large cloven feet. [potion of
                  | mutation]
  6347 | D:6      | Gained mutation: You have large cloven feet. [potion of
                  | mutation]
  6347 | D:6      | Gained mutation: Your body sometimes deteriorates upon
                  | taking damage. [potion of mutation]
  6347 | D:6      | Gained mutation: You have supernaturally acute eyesight.
                  | (SInv) [potion of mutation]
  6352 | D:6      | HP: 3/69 [poisoned by an orc wizard]
  6355 | D:6      | HP: 1/69 [poisoned by an orc wizard]
  6819 | D:7      | Identified a scroll of acquirement
  6823 | D:7      | Acquired a manual of Ice Magic
  6873 | D:7      | Succumbed to a killer bee's poison

Illustrated notes

Levels and vault maps discovered:
D:1:      kb_arrival_jail, layout_loops_corners,
          hellmonk_ecumenical_altar_watching_god, minmay_domino_2
D:2:      layout_basic, minmay_rat_hole
D:3:      layout_basic, dreamdust_wishing_well
D:4:      layout_loops_ring, nicolae_elyvilon_peaceful_grove, temple_green,
          cheibrodos_sewer_entry_bend, serial_shops, nicolae_shop_waterfront,
          uniq_blork_the_orc
D:5:      old_forge, layout_rooms, fedhas_altar_decomposition
D:6:      layout_rooms, mainiacjoe_overflow_six_doors_small, uniq_duvessa
D:7:      layout_gridville, enter_bailey_3

Skill      XL: |  1  2  3  4  5  6  7  8  9 |
---------------+----------------------------+-----
Dodging        | 2 3 |  3.5
Armour         | 2 3 |  3.0
Fighting       | 3 4 6 |  6.0
Invocations    | 1 3 |  3.0
Polearms       | 4 5 |  5.0
Axes           | 3 7 |  7.2
Short Blades   | |  2.0
Throwing       | |  1.0

Action                   |  1- 3 |  4- 6 |  7- 9 || total
-------------------------+-------+-------+-------++-------
Melee: Spear             |   108 |       |       ||   108
       Punch             |     2 |     1 |     3 ||     6
       Trident           |    11 |   226 |   136 ||   373
       Broad axe         |       |       |   102 ||   102
       Kick              |       |       |     2 ||     2
Throw: Boomerang         |       |       |     1 ||     1
Invok: Minor Destruction |       |     1 |    26 ||    27
       Lesser Servant of |       |     1 |     3 ||     4
Evoke: Wand              |       |     1 |     4 ||     5
  Use: Scroll            |       |     3 |     8 ||    11
       Potion            |       |     2 |     7 ||     9
 Stab: Paralysed         |       |     1 |    10 ||    11
Armor: Ring mail         |    21 |    79 |    82 ||   182
       Leather armour    |     1 |       |       ||     1
Dodge: Dodged            |    33 |   120 |   157 ||   310

Table legend: (Time is in decaauts)
 A = Elapsed time spent in this place.
 B = Non-inter-level travel time spent in this place.
 C = Inter-level travel time spent in this place.
 D = Time resting spent in this place.
 E = Time spent auto-exploring this place.
 F = Levels seen in this place.
 G = Mean time per level.
                   A        B        C        D        E       F      G
               +--------+--------+--------+--------+--------+-----+--------+
         Total |   6956 |   6693 |    263 |   1676 |   3157 |   8 |  869.5 |
       Dungeon |   6402 |   6139 |    263 |   1449 |   3157 |   7 |  914.6 |
         Sewer |    553 |    553 |      0 |    227 |      0 |   1 |  553.0 |
               +--------+--------+--------+--------+--------+-----+--------+

Top non-repeatable levels by time:
     D:4: 1440 daAuts
     D:1: 1218 daAuts
     D:6: 1076 daAuts
     D:5: 1066 daAuts
     D:3: 913 daAuts
     D:2: 630 daAuts
   Sewer: 553 daAuts
     D:7: 57 daAuts
